 Dungeon Crawl Stone Soup version 0.21-a0-417-g0adc95b (webtiles) character file.

24 Slyspawn the Insei (level 3, -7/23 HPs)
             Began as an Octopode Transmuter on Nov 3, 2017.
             Mangled by Sigmund
             ... wielding a +0 scythe
              (15 damage)
             ... on level 2 of the Dungeon.
             The game lasted 00:04:35 (1093 turns).

Slyspawn the Insei (Octopode Transmuter)            Turns: 1093, Time: 00:04:35

Health: -7/23      AC:  1    Str: 10    XL:     3   Next: 2%
Magic:  5/6        EV: 13    Int: 15    God:
Gold:   57         SH:  0    Dex: 12    Spells: 3/6 levels left

rFire    . . .     SeeInvis .     - Unarmed
rCold    . . .     Gourm    .   (no shield)
rNeg     . . .     Faith    .   (helmet restricted)
rPois    .         Spirit   .   (no amulet)
rElec    .         Reflect  .   i - ring of flight
rCorr    .         Harm     .   (no ring)
MR       .....                  (no ring)
Stlth    ++........             (no ring)
HPRegen  0.07/turn              (no ring)
MPRegen  0.10/turn              (no ring)
                                (no ring)
                                (no ring)

@: appendage (expiring)
A: almost no armour, stealthy swim, amphibious, 8 rings, constrict 8, tentacle
spike 3, camouflage 1, gelatinous body 1
a: End Transformation, Evoke Flight


You were on level 2 of the Dungeon.
You were hungry.
One of your tentacles had a temporary spike.
You visited 1 branch of the dungeon, and saw 2 of its levels.

You collected 57 gold pieces.

Inventory:

Missiles
 a - 35 arrows
Jewellery
 i - a ring of flight (left tentacle)
Potions
 f - a potion of heal wounds
Books
 b - a book of Changes

   Spells                             Type                      Level
   a - Beastly Appendage              Transmutation                1
   b - Sticks to Snakes               Transmutation                2
   c - Spider Form                    Transmutation/Poison         3
   d - Ice Form                       Ice/Transmutation            4
   e - Blade Hands                    Transmutation                5
Comestibles
 c - a bread ration
 g - 2 royal jellies


   Skills:
 - Level 1.0 Fighting
 - Level 2.0 Dodging
 - Level 3.3 Unarmed Combat
 + Level 2.4 Spellcasting
 + Level 2.5 Transmutations


You had 3 spell levels left.
You knew the following spells:

 Your Spells              Type           Power        Failure   Level  Hunger
a - Beastly Appendage     Tmut           #.....       8%          1    #......
b - Sticks to Snakes      Tmut           #.......     12%         2    ###....


Dungeon Overview and Level Annotations

Branches:
Dungeon (2/15)

Altars:

Annotations:
D:2 Sigmund


Innate Abilities, Weirdness & Mutations

You cannot wear most types of armour.
You are very stealthy in the water. (Stealth+)
You are amphibious.
You can wear up to eight rings at the same time.
You can use your tentacles to constrict eight enemies at once.
Your skin changes colour to match your surroundings (Stealth+).
Your rubbery body absorbs attacks. (AC +1, EV +1)
One of your tentacles bears a large vicious spike.


Message History

The helpless Sigmund fails to defend himself.
You tentacle-slap Sigmund but do no damage.
Your grab misses Sigmund.
You tentacle-slap Sigmund, but do no damage.
Sigmund hits you with a scythe!
Ouch! That really hurt!
You are too injured to fight recklessly!
You tentacle-slap Sigmund but do no damage.
You grab Sigmund.
You pierce Sigmund.
You squeeze Sigmund, but do no damage.
Sigmund is lightly wounded.
You constrict Sigmund, but do no damage.
Sigmund hits you but does no damage.
You tentacle-slap Sigmund. You squeeze Sigmund.
Sigmund is lightly wounded.
You constrict Sigmund.
You tentacle-slap Sigmund but do no damage.
Sigmund is moderately wounded.
You constrict Sigmund. Sigmund hits you with a scythe!
Ouch! That really hurt!
You die...

..>....### #.#..#####
.........# #.#..#
.........# #.#..#
.........#######.#..#
....................#
.........############
.......)........
.........########
........#@@......
........#.#######
......?....
........#.##
........#.#
........#.#
#......#.# ... #.#


You could see Sigmund.

Vanquished Creatures
  2 giant cockroaches (D:1)
  3 goblins (D:1)
  4 hobgoblins (D:1)
  5 jackals (D:1)
  2 bats (D:1)
  A frilled lizard (D:1)
  2 kobolds
  2 rats (D:1)
21 creatures vanquished.

Notes
Turn   | Place    | Note
-------+----------+-------------------------------------------
     0 | D:1      | Slyspawn the Octopode Transmuter began the quest for the Orb.
     0 | D:1      | Reached XP level 1. HP: 13/13 MP: 3/3
   407 | D:1      | Reached XP level 2. HP: 18/18 MP: 3/5
  1064 | D:1      | Learned a level 2 spell: Sticks to Snakes
  1086 | D:2      | Reached XP level 3. HP: 23/23 MP: 4/6
  1087 | D:2      | Noticed Sigmund
  1093 | D:2      | Mangled by Sigmund

Vault maps used:
D:1:      dpeg_arrival_ternary
D:2:      uniq_sigmund

Action                   || total
-------------------------++-------
Melee: Unarmed           ||    60
       Constrict         ||    11
       Kick              ||     8
       Tentacles         ||     8
       Punch             ||     1
 Cast: Beastly Appendage ||    10
  Use: Potion            ||     2
       Scroll            ||     1
 Stab: Sleeping          ||     4
Armor: Skin              ||     3
Dodge: Dodged            ||    41

Table legend:
 A = Spawn XP
 B = Non-spawn XP
 C = Spawn XP percentage of total XP
 D = Spawn monster count
 E = Non-spawn monster count
 F = Spawn count percentage of total count
 G = Total turns spent on level
                    A         B        C        D         E        F      G
               +---------+---------+-------+---------+---------+-------+---------
         Total |       0 |      35 |   0.0 |       0 |      21 |   0.0 |  1093
               +---------+---------+-------+---------+---------+-------+---------
           D:1 |       0 |      33 |   0.0 |       0 |      20 |   0.0 |  1065
           D:2 |       0 |       2 |   0.0 |       0 |       1 |   0.0 |    28
               +---------+---------+-------+---------+---------+-------+---------
